 Dungeon Crawl Stone Soup version 0.28.0 (webtiles) character file.

Game seed: 11733661477881425257

532 sasquatch the Slasher (level 7, 0/52 HPs)
             Began as a Formicid Fighter on Feb 7, 2022.
             Splashed by a jelly's acid (8 damage)
             ... on level 4 of the Dungeon.
             The game lasted 00:04:14 (4364 turns).

sasquatch the Slasher (Formicid Fighter)            Turns: 4364, Time: 00:04:14

Health: 0/52       AC: -15   Str: 23    XL:     7   Next: 49%
Magic:  0/7        EV: 10    Int:  7    God:
Gold:   297        SH:  4    Dex: 10    Spells: 6/6 levels left

rFire   . . .      SeeInvis +   a - +0 long sword
rCold   . . .      Faith    .   c - +0 buckler
rNeg    . . .      Spirit   +   b - +0 scale mail
rPois   +          Reflect  .   (helmet unavailable)
rElec   .          Harm     .   t - +0 cloak {rPois}
rCorr   .          Rampage  .   (no gloves)
Will    +....                   (no boots)
Stlth   ..........              j - amulet of guardian spirit
HPRegen 0.17/turn               i - ring of willpower
MPRegen 0.10/turn               (no ring)

@: corroded
A: permanent stasis, dig shafts and tunnels, antennae 3, four strong arms
a: Dig, Shaft Self


You were on level 4 of the Dungeon.
You visited 1 branch of the dungeon, and saw 5 of its levels.

You collected 297 gold pieces.

Inventory:

Hand Weapons
 a - a +0 long sword (weapon)
Missiles
 s - 7 poisoned darts (quivered)
Armour
 b - a +0 scale mail (worn)
 c - a +0 buckler (worn)
 t - a +0 cloak of poison resistance (worn)
Jewellery
 i - a ring of willpower (left hand)
 j - an amulet of guardian spirit (around neck)
 m - a ring of willpower
 n - a ring of ice
Scrolls
 f - 2 scrolls of immolation {unknown}
 g - a scroll of noise {unknown}
 h - a scroll of teleportation {unknown}
 k - a scroll of vulnerability {unknown}
 l - a scroll of brand weapon {unknown}
 o - a scroll of fog {unknown}
 p - a scroll of enchant armour {unknown}
 q - a scroll of torment {unknown}
Potions
 d - a potion of might
 e - 2 potions of degeneration {unknown}
 r - a potion of curing


   Skills:
 - Level 3.2 Fighting
 * Level 7.4 Long Blades
 + Level 0.2 Throwing
 - Level 3.2 Armour
 + Level 1.3 Dodging
 + Level 0.3 Stealth
 - Level 3.6 Shields


You had 6 spell levels left.
You didn't know any spells.
Your spell library contained the following spells:

 Spells                   Type           Power      Damage    Failure   Level
 Conjure Flame            Conj/Fire      0%         6-21      99%         3
 Ignite Poison            Fire/Tmut/Pois 0%         N/A       99%         3
 Sticky Flame             Conj/Fire      0%         2d3       100%        4
 Chain Lightning          Conj/Air       0%         N/A       100%        9
 Fire Storm               Conj/Fire      0%         5d1       100%        9
 Shatter                  Erth           0%         3d5*      100%        9


Dungeon Overview and Level Annotations

Branches:
Dungeon (5/15)
 Temple: D:4-7

Altars:
Ashenzari
Cheibriados
Kikubaaqudgha
Nemelex Xobeh
Wu Jian


Innate Abilities, Weirdness & Mutations

You cannot be hasted, slowed, berserked, paralysed or teleported.
You can dig through walls and to a lower floor.
You have a pair of large antennae on your head. (SInv)
Your four strong arms can wield two-handed weapons with a shield.


Message History

The jelly is moderately wounded.
The jelly closely misses you.
You hit the jelly. The acid corrodes you!
Your hands burn!
The jelly is heavily wounded.
The jelly hits you. The acid corrodes you!
You are splashed with acid!
You hit the jelly. The acid corrodes you!
Your hands burn!
The jelly is almost dead.
The jelly hits you. The acid corrodes you!
You are splashed with acid!
Unknown command.
The jelly closely misses you.
You climb upwards.
There is a stone staircase leading down here.
You are too injured to fight recklessly!
You are too injured to fight recklessly!
You are too injured to fight recklessly!
You hit the jelly but do no damage.
Your hands burn!
The jelly is almost dead.
You block the jelly's attack.
You hit the jelly but do no damage.
Your hands burn!
The jelly is almost dead.
The jelly closely misses you.
Unknown command.
You hit the jelly but do no damage.
Your hands burn!
The jelly is almost dead.
The jelly closely misses you.
Unknown command.
You hit the jelly but do no damage.
Your hands burn!
The jelly is almost dead.
The jelly hits you.
* * * LOW HITPOINT WARNING * * *
The acid corrodes you!
You are splashed with acid!
* * * LOW HITPOINT WARNING * * *
Unknown command.
Press: ? - help, v - describe, . - travel
Here: a jelly (almost dead)
The floor.
The jelly hits you.
* * * LOW HITPOINT WARNING * * *
The acid corrodes you!
You are splashed with acid!
You die...

#.................
#.###############.
#.# #. #.# #. #.#
############. #.#
#............ #.#
#.######.....
####.####.######..#..
#.[.@J............#..
#.##<##.#.###.##..#..
#.##.##.#.# #.##..#.#
#.##.##.#.# #.#######
#.##.##.#.# #.#
#.##.##.#.# #.###
#.##....#.###...##♣♣
#.##...........).#)♣♣
#.###.#...#.........♣


You could see a jelly.

Vanquished Creatures
  An orc warrior (D:4)
  A necrophage (D:4)
  A hound (D:4)
  Crazy Yiuf (D:4)
  2 orc priests
  Jessica (D:3)
  Natasha (twice) (D:2)
  An orc wizard (D:4)
  A gnoll (D:1)
  4 adders
  A worm (D:4)
  A dart slug (D:3)
  13 orcs
  9 bats
  8 endoplasms
  A giant cockroach (D:1)
  5 goblins
  2 hobgoblins
  3 quokkas
  8 ball pythons
  2 frilled lizards
  4 kobolds
  3 rats
75 creatures vanquished.

Vanquished Creatures (others)
  Natasha (D:2)
1 creature vanquished.

Grand Total: 76 creatures vanquished

Notes
Turn   | Place    | Note
-------+----------+-------------------------------------------
     0 | D:1      | sasquatch the Formicid Fighter began the quest for the Orb.
     0 | D:1      | Reached XP level 1. HP: 18/18 MP: 1/1
   252 | D:1      | Reached skill level 3 in Long Blades
   252 | D:1      | Reached XP level 2. HP: 11/24 MP: 2/2
   657 | D:1      | Reached XP level 3. HP: 27/29 MP: 3/3
   895 | D:2      | Noticed Natasha
   898 | D:2      | Killed Natasha
   899 | D:2      | Reached XP level 4. HP: 29/35 MP: 4/4
  1000 | D:2      | Reached skill level 4 in Long Blades
  1572 | D:2      | Killed Natasha
  1821 | D:2      | Noticed Natasha
  1835 | D:2      | Killed Natasha
  2116 | D:3      | Found a snail-covered altar of Cheibriados.
  2135 | D:3      | Reached XP level 5. HP: 36/41 MP: 3/5
  2217 | D:3      | Noticed Jessica
  2222 | D:3      | Killed Jessica
  2273 | D:3      | Found an ornate altar of the Wu Jian Council.
  2297 | D:3      | Reached skill level 5 in Long Blades
  2298 | D:3      | Found a faded altar of an unknown god.
  2312 | D:3      | Found a sparkling altar of Nemelex Xobeh.
  2353 | D:3      | Reached skill level 1 in Dodging
  2582 | D:3      | Reached XP level 6. HP: 43/47 MP: 6/6
  2750 | D:3      | Found an ancient bone altar of Kikubaaqudgha.
  2982 | D:4      | Found a broken altar of Ashenzari.
  3001 | D:4      | Found a runed translucent door.
  3002 | D:4      | Noticed Crazy Yiuf
  3077 | D:4      | Reached skill level 6 in Long Blades
  3184 | D:4      | Noticed an orc warrior
  3594 | D:4      | Killed an orc warrior
  3595 | D:4      | Reached XP level 7. HP: 51/52 MP: 7/7
  3815 | D:4      | Reached skill level 7 in Long Blades
  4172 | D:4      | Killed Crazy Yiuf
  4334 | D:5      | Entered Level 5 of the Dungeon
  4364 | D:4      | Splashed by a jelly's acid

Illustrated notes

Levels and vault maps discovered:
D:1:      wander_arrival_chamber, layout_basic, minmay_stone_trees_large,
          minmay_tall_x
D:2:      layout_basic, chequers_serial_rivers_small_b, lemuel_old_faithful,
          uniq_natasha
D:3:      layout_loops_ring, amcnicky_altar_gilded, mainiacjoe_overflow_paths,
          mainiacjoe_overflow_cross_hatched, mainiacjoe_overflow_brackets,
          basic_ecumenical_altar, uniq_jessica
D:4:      layout_loops_ring, ashenzari_altar_1, kennysheep_cluttered_room,
          guppyfry_early_orc_mine, uniq_crazy_yiuf_cottage
D:5:      layout_loops_ring, nicolae_overflow_hidden_temple, uniq_ijyb

Skill      XL: |  1  2  3  4  5  6  7 |
---------------+----------------------+-----
Long Blades    | 3 4 5 6 7 |  7.4
Dodging        | 1 |  1.3
Fighting       | |  3.2
Throwing       | |  0.2
Armour         | |  3.2
Stealth        | |  0.3
Shields        | |  3.6

Action                   |  1- 3 |  4- 6 |  7- 9 || total
-------------------------+-------+-------+-------++-------
Melee: Long sword        |    55 |   162 |    45 ||   262
Throw: Dart              |       |     5 |       ||     5
 Abil: Dig               |       |     1 |       ||     1
Armor: Scale mail        |    18 |    50 |     8 ||    76
Dodge: Dodged            |    26 |    53 |    16 ||    95
Block: Buckler           |    14 |    24 |    12 ||    50
